 Dungeon Crawl Stone Soup version 0.26-b1-32-g5d43845318 (webtiles) character file.

Game seed: 17991761352315947000

3101 MajorAdolf the Skirmisher (level 9, 0/83 (84) HPs)
             Began as a Naga Wanderer on Jan 9, 2021.
             Was an Initiate of Gozag.
             Slain by a two-headed ogre
             ... wielding a +0 giant spiked club
              (30 damage)
             ... on level 8 of the Dungeon.
             The game lasted 00:15:36 (11603 turns).

MajorAdolf the Skirmisher (Naga Wanderer)          Turns: 11603, Time: 00:15:37

HP:   0/83 (84)     AC: 13    Str: 23    XL:     9   Next: 90%
MP:   13/13         EV:  7    Int: 12    God:    Gozag
Gold: 773           SH:  0    Dex: 14    Spells: 13/14 levels left

rFire    . . .     SeeInvis +   r - +0 hand axe
rCold    . . .     Faith    .   (no shield)
rNeg     . . .     Spirit   .   f - +0 plate armour
rPois    +         Reflect  .   (no helmet)
rElec    .         Harm     .   (no cloak)
rCorr    .         Rampage  .   l - +1 pair of gloves
Will     +....                  (no barding)
Stlth    ..........             (no amulet)
HPRegen  0.23/turn              (no ring)
MPRegen  0.13/turn              s - +6 ring of strength

@: lightly drained, very slow
A: large, see invisible, agile 1, deformed body, sense surroundings 1, poison
resistance, shaggy fur 1, slowness 2, spit poison 1, AC +3
a: Spit Poison, Renounce Religion, Potion Petition, Call Merchant, Bribe Branch


You were on level 8 of the Dungeon.
You worshipped Gozag.
Gozag was pleased with you.
You visited 1 branch of the dungeon, and saw 8 of its levels.

You collected 884 gold pieces.
You paid 111 gold pieces to Gozag.

Inventory:

Hand Weapons
 r - a +0 hand axe (weapon)
Missiles
 i - 10 bolts
 m - 29 poisoned darts
Armour
 f - a +0 plate armour (worn)
 l - a +1 pair of gloves (worn)
Jewellery
 s - a +6 ring of strength (right hand)
Wands
 b - a wand of paralysis (6)
 n - a wand of polymorph (13)
Scrolls
 a - a scroll of fog {unknown}
 e - 2 scrolls of immolation
 j - 3 scrolls of identify
 o - 4 scrolls of remove curse
 p - 2 scrolls of teleportation
 q - a scroll of fear
 w - a scroll of enchant armour
 x - a scroll of blinking {unknown}
 y - 2 scrolls of magic mapping {unknown}
Potions
 c - 8 potions of curing
 d - 3 potions of heal wounds
 g - 3 potions of attraction
 h - 2 potions of brilliance
 k - 2 potions of resistance
 t - a potion of haste
 u - a potion of ambrosia
 v - a potion of degeneration
 z - a potion of might {unknown}


   Skills:
 + Level 6.3 Fighting
 + Level 5.1 Axes
 - Level 1.0 Crossbows
 + Level 5.3 Armour
 + Level 5.1 Dodging
 - Level 3.0 Stealth
 - Level 3.0 Spellcasting
 - Level 2.0 Conjurations
 + Level 5.5 Evocations


You had 13 spell levels left.
You knew the following spells:

 Your Spells              Type           Power        Failure   Level
a - Freeze                Ice            4%           99%         1

Your spell library contained the following spells:

 Spells                   Type           Power        Failure   Level
 Animate Skeleton         Necr           2%           99%         1
 Beastly Appendage        Tmut           2%           99%         1
 Pain                     Necr           4%           99%         1
 Sting                    Tmut/Pois      4%           99%         1
 Poisonous Vapours        Pois/Air       2%           99%         2
 Wereblood                Tmut           1%           99%         2
 Frozen Ramparts          Ice            2%           100%        3
 Ignite Poison            Fire/Tmut/Pois 1%           100%        3
 Mephitic Cloud           Conj/Pois/Air  3%           100%        3
 Spider Form              Tmut/Pois      0%           100%        3
 Vampiric Draining        Necr           0%           100%        3
 Animate Dead             Necr           0%           100%        4
 Ice Form                 Ice/Tmut       1%           100%        4
 Olgreb's Toxic Radiance  Pois           1%           100%        4
 Agony                    Necr           1%           100%        5
 Blade Hands              Tmut           0%           100%        5


Dungeon Overview and Level Annotations

Branches:
Dungeon (8/15)             Temple (0/1) D:5
   Lair: D:8-11

Altars:
Elyvilon
Fedhas
Gozag
Hepliaklqana
Nemelex Xobeh
Okawaru
Ru
Yredelemnul
The Shining One
Beogh

Annotations:
D:7 3 runed translucent doors, bomjara's ghost, novice DrTm


Innate Abilities, Weirdness & Mutations

You cannot wear boots.
Your serpentine skin is tough. (AC +3)
You have supernaturally acute eyesight. (SInv)
Armour fits poorly on your strangely shaped body.
Your system is resistant to poisons. (rPois)
You cover ground very slowly.
You can spit poison.
You are agile. (Dex +2)
You passively map a small area around you.
You are covered in fur. (AC +1)


Message History

The helpless two-headed ogre fails to defend itself.
You hit the two-headed ogre but do no damage.
The two-headed ogre is moderately wounded.
The helpless two-headed ogre fails to defend itself.
You slash the two-headed ogre!
The two-headed ogre is heavily wounded.
The helpless two-headed ogre fails to defend itself.
You hit the two-headed ogre.
The two-headed ogre is heavily wounded.
The helpless two-headed ogre fails to defend itself.
You hit the two-headed ogre.
The two-headed ogre is severely wounded.
The two-headed ogre is no longer paralysed.
The two-headed ogre hits you with a +0 giant spiked club!
The two-headed ogre hits you with a +0 giant club.
You hit the two-headed ogre but do no damage.
The two-headed ogre is severely wounded.
The two-headed ogre hits you with a +0 giant spiked club!!
You die...
Your body crumbles into a pile of gold.

, .......'...#
.######
,^#.....#...# , .
, , ,#.....#...
,,, , , ,
#.....#'## * . ,
, ,#........# *,
, . *
#........#,,,* *
, ,,,,#...$....#
.#. , ,
#........#...'. ,
,, #......@.'...#
, ,
...'.......O#...#
, *####..[.....#*
## * * ##########


You could see a two-headed ogre.

Vanquished Creatures
  Joseph (D:7)
  A water moccasin (D:8)
  A black bear (D:8)
  A phantom (D:7)
  2 ice beasts
  3 ogres
  5 centaurs
  Blork the orc (D:4)
  2 bullfrogs
  A gnoll sergeant (D:6)
  A wyvern zombie (D:8)
  A scorpion (D:8)
  A water moccasin skeleton (D:6)
  3 killer bees (D:7)
  6 electric eels (D:6)
  A howler monkey (D:6)
  A centaur zombie (D:5)
  A bullfrog zombie (D:5)
  A quasit (D:7)
  2 hounds
  3 orc priests
  A jelly (D:6)
  4 orc wizards
  2 iguanas (D:7)
  7 worker ants
  A worker ant zombie (D:6)
  4 gnolls (D:6)
  5 adders
  2 shadow imps
  A white imp (D:5)
  An ufetubus (D:6)
  An ooze (D:2)
  An adder skeleton (D:4)
  3 worms
  A dart slug (D:3)
  4 leopard geckos
  19 orcs
  2 ball pythons (D:3)
  7 giant cockroaches
  7 goblins
  14 hobgoblins
  8 jackals
  5 quokkas
  9 bats
  4 frilled lizards
  A jackal skeleton (D:5)
  11 kobolds
  2 quokka zombies
  6 rats
172 creatures vanquished.

Vanquished Creatures (others)
  24 plants (D:6)
24 creatures vanquished.

Grand Total: 196 creatures vanquished

Notes
Turn   | Place    | Note
-------+----------+-------------------------------------------
     0 | D:1      | MajorAdolf the Naga Wanderer began the quest for the Orb.
     0 | D:1      | MajorAdolf set off with the following items: a +2 hand
                  | crossbow, 24 bolts, a +0 ring mail, a +0 dagger; and the
                  | following spell memorised: Freeze; and the following spells
                  | available to memorise: Frozen Ramparts
     0 | D:1      | Reached XP level 1. HP: 18/18 MP: 4/4
    81 | D:1      | Reached XP level 2. HP: 24/25 MP: 6/6
   369 | D:1      | You fall into a shaft and drop 1 floor!
   390 | D:2      | Found a faded altar of an unknown god.
   475 | D:2      | Reached skill level 1 in Dodging
   492 | D:2      | Reached XP level 3. HP: 32/32 MP: 7/7
  1219 | D:2      | Found a glowing golden altar of the Shining One.
  1291 | D:2      | Reached skill level 2 in Fighting
  1525 | D:2      | Reached XP level 4. HP: 39/39 MP: 8/8
  2693 | D:3      | Gained mutation: You are agile. (Dex +2) [potion of
                  | mutation]
  2693 | D:3      | Gained mutation: You passively map a small area around you.
                  | [potion of mutation]
  2693 | D:3      | Gained mutation: You are covered in fur. (AC +1) [potion of
                  | mutation]
  2703 | D:3      | Reached XP level 5. HP: 20/48 MP: 4/9
  3102 | D:3      | Found a hazy altar of Hepliaklqana.
  3414 | D:4      | Reached skill level 3 in Fighting
  3414 | D:4      | Reached skill level 1 in Evocations
  3821 | D:4      | Noticed Blork the orc
  3826 | D:4      | Killed Blork the orc
  3827 | D:4      | Reached XP level 6. HP: 50/56 MP: 10/10
  3940 | D:5      | Entered Level 5 of the Dungeon
  3940 | D:5      | Found an opulent altar of Gozag.
  4163 | D:5      | Found an iron altar of Okawaru.
  4185 | D:5      | Found an iron altar of Okawaru.
  4555 | D:6      | Reached skill level 1 in Axes
  4555 | D:6      | Reached XP level 7. HP: 24/62 MP: 11/11
  5222 | D:6      | Reached skill level 4 in Fighting
  5271 | D:6      | Found a basalt altar of Yredelemnul.
  5725 | D:6      | Reached XP level 8. HP: 56/73 MP: 12/12
  5912 | D:5      | Became a worshipper of Gozag Ym Sagoz the Greedy
  6180 | D:5      | Found a staircase to the Ecumenical Temple.
  7366 | D:6      | Found a sacrificial altar of Ru.
  7410 | D:6      | Found a white marble altar of Elyvilon.
  7582 | D:6      | Reached skill level 5 in Fighting
  7941 | D:6      | Reached XP level 9. HP: 22/81 MP: 13/13
  8705 | D:7      | Noticed Joseph
  8710 | D:7      | Killed Joseph
  8886 | D:7      | Found a sparkling altar of Nemelex Xobeh.
  9348 | D:7      | Found a runed translucent gate.
  9348 | D:7      | Noticed bomjara's ghost (novice DrTm)
  9499 | D:7      | Reached skill level 5 in Evocations
 10134 | D:7      | Found a runed translucent gate.
 10134 | D:7      | Found a runed translucent gate.
 10135 | D:7      | Identified the +9 battleaxe of Ointment {freeze, rN+ Dex+2}
 10136 | D:7      | Found a roughly hewn altar of Beogh.
 10285 | D:7      | Reached skill level 5 in Armour
 10348 | D:7      | Reached skill level 6 in Fighting
 11216 | D:8      | Found a blossoming altar of Fedhas.
 11300 | D:8      | Reached skill level 5 in Axes
 11300 | D:8      | Reached skill level 5 in Dodging
 11587 | D:8      | Noticed a two-headed ogre
 11603 | D:8      | Slain by a two-headed ogre

Illustrated notes

Levels and vault maps discovered:
D:1:      dpeg_arrival_boxorama, layout_basic, hangedman_decor_points
D:2:      layout_basic, nicolae_overflow_hidden_temple,
          chequers_ecumenical_altar_simple_redux
D:3:      layout_rooms, nicolae_overflow_crystal_walls, kennysheep_boxes
D:4:      layout_rooms, uniq_blork_the_orc
D:5:      layout_gridville, lemuel_crystal_altar, nicolae_gozag_seed_capital,
          minmay_temple_entry_wispy, okawaru_ov_weapons_minmay
D:6:      layout_basic, yredelemnul_altar_generic, overflow_temple_1_default,
          elyvilon_altar_1, serial_bayou, serial_bayou_pond_c,
          serial_bayou_pond_c, serial_bayou_shore_a, serial_bayou_lake_a,
          kennysheep_generic_room_16
D:7:      layout_cave_pods, nemelex_xobeh_ov_fountains_minmay,
          biasface_ghost_orc_armoury, glass_columns_a, uniq_joseph
D:8:      layout_gridville, kennysheep_little_box, serial_shops,
          nicolae_shop_trees, minmay_misc_feat_four_crosses,
          minmay_guarded_unrand_variability

Skill      XL: |  1  2  3  4  5  6  7  8  9 |
---------------+----------------------------+-----
Dodging        | 1 2 3 4 5 |  5.1
Fighting       | 2 3 4 5 6 |  6.3
Armour         | 2 3 4 5 |  5.3
Evocations     | 1 2 3 4 5 |  5.5
Axes           | 1 2 3 5 |  5.1
Crossbows      | |  1.0
Stealth        | |  3.0
Spellcasting   | |  3.0
Conjurations   | |  2.0

Action                   |  1- 3 |  4- 6 |  7- 9 || total
-------------------------+-------+-------+-------++-------
Melee: Dagger            |    10 |   182 |   199 ||   391
       Hand axe          |       |       |   362 ||   362
 Fire: Hand crossbow     |    87 |    31 |       ||   118
 Cast: Freeze            |       |     3 |       ||     3
 Abil: Spit Poison       |     6 |    20 |    10 ||    36
Evoke: Wand              |       |     6 |    25 ||    31
  Use: Scroll            |       |    11 |     8 ||    19
       Potion            |       |     2 |       ||     2
 Stab: Paralysed         |       |       |     8 ||     8
       Distracted        |       |       |     2 ||     2
Armor: Ring mail         |     4 |       |       ||     4
       Scale mail        |    16 |   103 |   144 ||   263
       Plate armour      |       |       |   244 ||   244
Dodge: Dodged            |    24 |    88 |   292 ||   404
